 Dungeon Crawl Stone Soup version 0.32-a0-999-gfa1cc04b1d (webtiles) character file.

Game seed: 6888398002492227809

11 protoss039 the Digger (level 2, 20/20 HPs)
             Began as a Demonspawn Earth Elementalist on Apr 24, 2024.
             Got out of the dungeon alive.
             The game lasted 00:00:30 (428 turns).

protoss039 the Digger (DsEE)                         Turns: 428, Time: 00:00:30

Health: 20/20      AC:  5    Str:  8    XL:     2   Next: 17%
Magic:  5/5        EV:  9    Int: 15    God:
Gold:   17         SH:  0    Dex: 13    Spells: 4/5 levels left

rFire   . . .        c - +0 club
rCold   . . .        (no shield)
rNeg    . . .        f - +0 ring mail
rPois   .            (helmet restricted)
rElec   .            (no cloak)
rCorr   .            (no gloves)
SInv    .            (no boots)
Will    .....        (no amulet)
Stlth   +            (no ring)
HPRegen 0.23/turn    (no ring)
MPRegen 0.09/turn

%: no passive effects
@: no status effects
A: antennae 1
a: no special abilities


You escaped.
You visited 1 branch of the dungeon, and saw 1 of its levels.

You collected 17 gold pieces.

Inventory:

Hand Weapons
 c - a +0 club (weapon)
Armour
 a - a +0 robe
 f - a +0 ring mail (worn)
Scrolls
 d - 2 scrolls of teleportation {unknown}
Potions
 b - a potion of magic
 e - 3 potions of heal wounds {unknown}


   Skills:
 + Level 0.9 Fighting
 - Level 1.7 Dodging
 - Level 1.7 Stealth
 + Level 2.2 Spellcasting
 - Level 1.0 Conjurations
 + Level 2.9 Earth Magic


You had 4 spell levels left.
You knew the following spells:

 Your Spells              Type           Power      Damage    Failure   Level
a - Sandblast             Erth           20%        2d7       21%         1

Your spell library contained the following spells:

 Spells                   Type           Power      Damage    Failure   Level
 Passwall                 Erth           10%        N/A       52%         3
 Stone Arrow              Conj/Erth      14%        3d7       65%         3
 Brom's Barrelling Bould  Conj/Erth      7%         2d3       96%         4
 Petrify                  Alch/Erth      6%         N/A       98%         4


Dungeon Overview and Level Annotations

Branches:
Dungeon (1/15) Zot: 5564

Altars:


Innate Abilities, Weirdness & Mutations

You have a pair of small antennae on your head.


Message History

A rat is nearby!
You hit the rat but do no damage. The rat bites you but does no damage.
The rat barely misses you.
A rat is nearby!
Casting: Sandblast (safe; 21% risk of failure)
Confirm with . or Enter, or press ? or * to list all spells.
Aiming: Sandblast (safe; 21% risk of failure)
Press: ? - help, Shift-Dir - straight line, f/p - rat
Aim: a rat (82% to hit)
The blast of sand hits the rat!
You kill the rat!
Unknown command.
No target in view!
Your magical contamination has completely faded away.
You now have 17 gold pieces (gained 7).
A hobgoblin comes into view.
Found 16 gold pieces.
The hobgoblin shouts!
Casting: Sandblast (safe; 21% risk of failure)
Confirm with . or Enter, or press ? or * to list all spells.
Aiming: Sandblast (safe; 21% risk of failure)
Press: ? - help, Shift-Dir - straight line, f - hobgoblin
Aim: a hobgoblin (82% to hit)
The blast of sand hits the hobgoblin.
The hobgoblin is heavily wounded.
The hobgoblin hits you but does no damage.
Unknown command.
Casting: Sandblast (safe; 21% risk of failure)
Confirm with . or Enter, or press ? or * to list all spells.
Aiming: Sandblast (safe; 21% risk of failure)
Press: ? - help, Shift-Dir - straight line, f/p - hobgoblin
Aim: a hobgoblin (heavily wounded, 82% to hit)
The blast of sand hits the hobgoblin!
You kill the hobgoblin!
Unknown command.
There is an open door here.
There is an open door here.
You see here a bat corpse.
There is a staircase leading out of the dungeon here.
You have escaped!

.. ...... ###.##....
... ........ #.#
#..... #.# # ##...##
#.# .#
####..#..#####.##.#
#...........##....#
#...........#...####
#.⌠...@...⌠.#......#
#...........#....#.#
#...........#......#
##..#####..##...#..#
#.. #...##.#.#.÷###
#... ##...#....#....##
##...#...##.#######...
##.....###....#....##
#.............#..###


There were no monsters in sight!

Vanquished Creatures
  A dart slug (D:1)
  A ball python (D:1)
  A goblin (D:1)
  2 hobgoblins (D:1)
  A bat (D:1)
  4 rats (D:1)
10 creatures vanquished.

Notes
Turn   | Place    | Note
-------+----------+-------------------------------------------
     0 | D:1      | protoss039 the Demonspawn Earth Elementalist began the
                  | quest for the Orb.
     0 | D:1      | Reached XP level 1. HP: 13/13 MP: 3/3
   162 | D:1      | Gained mutation: You have a pair of small antennae on your
                  | head. [demonic ancestry]
   162 | D:1      | Reached XP level 2. HP: 20/20 MP: 0/5
   428 | D:$      | Got out of the dungeon alive.

Illustrated notes

Levels and vault maps discovered:
D:1:      dpeg_arrival_arbitrary_c, layout_loops_ring, chequers_garden,
          minmay_misc_feat_roman, kennysheep_nondescript

Action                     || total
---------------------------++-------
  Melee: Unarmed           ||     7
         Club              ||     4
   Cast: Sandblast         ||    14
 Armour: Robe              ||     5
         Ring mail         ||     7
  Dodge: Dodged            ||    12

Table legend: (Time is in decaauts)
 A = Elapsed time spent in this place.
 B = Non-inter-level travel time spent in this place.
 C = Inter-level travel time spent in this place.
 D = Time resting spent in this place.
 E = Time spent auto-exploring this place.
 F = Levels seen in this place.
 G = Mean time per level.
                   A        B        C        D        E       F      G
               +--------+--------+--------+--------+--------+-----+--------+
         Total |    435 |    349 |     86 |     54 |    225 |   1 |  435.0 |
       Dungeon |    435 |    349 |     86 |     54 |    225 |   1 |  435.0 |
               +--------+--------+--------+--------+--------+-----+--------+

Top non-repeatable levels by time:
     D:1: 435 daAuts
